Map: Ruins of Endion

Players

IAmLeGenD

  • Race: Protoss Protoss
  • League: Master

Miszu - Winner!

  • Race: Terran Terran
  • League: Master

VOD

Have the link to the VOD?

Description

Time

  • Played on: June 26, 2016, 9:09 a.m.
  • Length: 11:24
Show
View Real Time Build Order
Export as new Build Order

IAmLeGenD Protoss 

Build Orders:  

Get SALT Encoding   

  12  0:01  Probe (Chrono Boost)  
  13  0:11  Probe (Chrono Boost)  
  14  0:20  Pylon  
  14  0:22  Probe (Chrono Boost)  
  15  0:39  Gateway, Probe (Chrono Boost)  
  16  0:45  Assimilator  
  16  0:49  Probe (Chrono Boost)  
  17  0:53  Assimilator  
  17  1:00  Probe (Chrono Boost)  
  18  1:10  Gateway  
  18  1:11  Probe (Chrono Boost)  
  19  1:22  Probe (Chrono Boost)  
  20  1:28  Cybernetics Core  
  21  1:33  Probe (Chrono Boost)  
  21  1:43  Pylon, Probe (Chrono Boost)  
  22  1:54  Probe (Chrono Boost)  
  23  2:05  Stalker x2  
  23  2:06  Warp Gate (Chrono Boost)  
  27  2:09  Probe  
  28  2:16  Pylon  
  27  2:41  Probe  
  28  2:44  Robotics Facility  
  28  2:58  Gateway  
  28  2:59  Gateway  
  28  3:09  Pylon  
  28  3:14  Adept x2  
  32  3:33  Warp Prism (Chrono Boost)  
  34  3:50  Pylon  
  34  4:02  Adept  
  34  4:03  Adept x3  
  34  4:05  Observer (Chrono Boost)  
  43  4:33  Stalker x3  
  43  4:34  Stalker  
  37  4:52  Immortal (Chrono Boost)  
  37  4:57  Adept x2  
  38  5:27  Immortal (Chrono Boost)  
  42  5:45  Nexus  
  42  5:50  Sentry  
  42  5:52  Stalker  
  42  5:53  Sentry  
  42  5:55  Stalker  
  46  6:15  Mothership Core (Chrono Boost)  
  45  6:33  Pylon  
  45  6:40  Stalker  
  45  6:41  Stalker  
  47  6:59  Probe (Chrono Boost)  
  42  7:02  Probe (Chrono Boost)  
  43  7:10  Probe (Chrono Boost)  
  43  7:12  Probe (Chrono Boost)  
  45  7:21  Probe (Chrono Boost)  
  46  7:23  Probe (Chrono Boost)  
  47  7:31  Probe (Chrono Boost)  
  47  7:34  Probe (Chrono Boost)  
  49  7:41  Sentry  
  49  7:42  Probe (Chrono Boost)  
  53  7:44  Probe (Chrono Boost)  
  53  7:47  Pylon  
  53  7:52  Probe (Chrono Boost)  
  53  7:54  Adept  
  53  7:55  Adept, Probe (Chrono Boost)  
  59  8:03  Probe (Chrono Boost)  
  59  8:05  Probe (Chrono Boost)  
  61  8:13  Probe (Chrono Boost)  
  61  8:16  Probe (Chrono Boost)  
  59  8:30  Probe x2 (Chrono Boost)  
  61  8:34  Adept  
  61  8:40  Probe (Chrono Boost)  
  61  8:41  Probe (Chrono Boost)  
  65  8:44  Assimilator  
  65  8:45  Robotics Bay  
  65  8:51  Probe x2 (Chrono Boost)  
  67  9:01  Probe (Chrono Boost)  
  67  9:02  Probe (Chrono Boost)  
  69  9:03  Assimilator  
  69  9:14  Probe x2 (Chrono Boost)  
  71  9:19  Twilight Council  
  71  9:31  Colossus  
  71  9:34  Nexus  
  77  9:38  Stalker x2  
  83  9:45  Probe x2 (Chrono Boost)  
  83  9:56  Probe x2 (Chrono Boost)  
  85  10:06  Assimilator  
  85  10:07  Assimilator  
  85  10:08  Probe  
  86  10:17  Forge  
  86  10:20  Pylon  
  86  10:34  Pylon  
  86  10:35  Pylon  
  86  10:36  Pylon  
  86  10:38  Pylon, Probe x2  
  88  11:02  Adept x4  
Show
View Real Time Build Order
Export as new Build Order

Miszu Terran - Winner!

Build Orders: Liberator Opening, Reaper Expand 

Get SALT Encoding   

  12  0:01  SCV  
  13  0:13  SCV  
  14  0:19  Supply Depot  
  14  0:25  SCV  
  15  0:41  SCV  
  15  0:42  Barracks  
  16  0:44  Refinery  
  16  0:53  SCV  
  17  1:07  SCV  
  18  1:19  SCV  
  19  1:30  Reaper  
  19  1:31  Orbital Command  
  20  1:47  Command Center  
  20  1:56  Supply Depot  
  20  1:57  SCV  
  21  2:02  Barracks Reactor  
  21  2:09  SCV  
  22  2:18  Refinery  
  22  2:21  SCV  
  22  2:22  Bunker  
  23  2:25  Factory  
  22  2:37  SCV  
  22  2:38  Marine x2  
  25  2:49  SCV  
  26  2:56  Marine x2  
  28  3:02  Orbital Command  
  28  3:07  SCV  
  28  3:08  Factory Tech Lab  
  28  3:10  Starport  
  29  3:13  Marine  
  29  3:15  Marine  
  31  3:24  Supply Depot  
  31  3:31  Liberator  
  31  3:32  Marine  
  31  3:33  Marine  
  33  3:39  Cyclone  
  37  3:48  Engineering Bay  
  40  3:51  Marine  
  41  4:02  Supply Depot  
  41  4:08  SCV x2  
  43  4:10  Marine x2  
  43  4:14  Missile Turret  
  45  4:20  Missile Turret  
  45  4:28  Siege Tank  
  47  4:37  Liberator  
  37  4:47  Marine x2  
  40  5:15  Marine x2  
  40  5:17  SCV  
  40  5:20  SCV  
  43  5:32  Siege Tank  
  46  5:38  Liberator  
  46  5:45  Marine x2  
  51  6:02  Marine  
  52  6:08  Marine  
  52  6:10  Orbital Command  
  53  6:20  Marine  
  54  6:26  Marine  
  55  6:37  Siege Tank  
  58  6:58  Marine x2  
  58  7:00  Orbital Command  
  53  7:10  Barracks, SCV  
  53  7:12  Barracks  
  53  7:13  Starport Reactor  
  54  7:17  Siege Tank  
  54  7:18  Bunker  
  57  7:23  SCV  
  57  7:26  SCV  
  59  7:33  Marine x2  
  59  7:35  SCV  
  62  7:42  Terran Infantry Weapons Level 1  
  62  7:46  Refinery  
  62  7:48  SCV x2  
  62  7:51  Marine  
  64  7:52  Supply Depot  
  65  7:59  Barracks Tech Lab  
  65  8:00  Barracks Tech Lab, SCV x2  
  67  8:12  SCV  
  67  8:13  SCV  
  67  8:14  Barracks  
  67  8:15  Barracks  
  68  8:22  Refinery  
  68  8:23  Marine x2  
  68  8:24  Stimpack, Combat Shields  
  68  8:25  SCV x2  
  71  8:32  Marine  
  73  8:35  Medivac  
  73  8:37  SCV x2  
  73  8:40  Supply Depot  
  73  8:41  Marine  
  78  8:45  Supply Depot  
  78  8:46  Supply Depot  
  77  8:49  SCV  
  78  9:02  Barracks Reactor, Marine x4, Medivac  
  84  9:05  Medivac  
  84  9:08  Barracks Reactor  
  86  9:17  Supply Depot  
  86  9:20  Marine x4  
  90  9:32  Medivac  
  90  9:35  Medivac  
  90  9:37  Marine x3  
  98  9:45  Marine, Liberator  
  98  9:48  Liberator  
  98  9:49  Marine  
  100  9:53  Marine  
  100  9:58  Supply Depot  
  100  10:01  Supply Depot  
  100  10:03  Command Center  
  100  10:05  Marine x3  
  108  10:15  Marine  
  108  10:16  Marine  
  108  10:20  Marine x3  
  113  10:23  Marine x3  
  116  10:33  Marine  
  116  10:34  Supply Depot, Marine  
  117  10:49  Marine  
  117  10:58  Marauder  
Tags
 
Add a new tag
Caveats
  • Supply blocks, unpowered buildings, or Contaminate may cause inaccurate times.
  • Supply counts are checked every 10 seconds.